 Dungeon Crawl Stone Soup version 0.31.0 (webtiles) character file.

Game seed: 13868493009349348174

33488 qw the Marksgargoyle (level 13, -1/84 HPs)
             Began as a Gargoyle Hunter on Jan 20, 2024.
             Was a High Priest of Okawaru.
             Slain by an eight-headed hydra (11 damage)
             ... on level 5 of the Lair of Beasts.
             The game lasted 00:01:54 (16063 turns).

qw the Marksgargoyle (Gargoyle Hunter)             Turns: 16063, Time: 00:01:55

Health: -1/84      AC: 23    Str: 16    XL:     13   Next: 71%
Magic:  20/20      EV: 15    Int:  8    God:    Okawaru [*****.]
Gold:   1066       SH:  0    Dex: 18    Spells: 12/12 levels left

rFire   + . .        u - +1 longbow
rCold   + . .        (shield currently unavailable)
rNeg    + + .        s - +1 robe {rC+ rF+}
rPois   inf          (no helmet)
rElec   +            a - +2 ratskin cloak {*Rats rPois rN+ Str-1 Int-1 Dex+1}
rCorr   .            (no gloves)
SInv    .            b - +2 pair of boots
Will    .....        (no amulet)
Stlth   ++           i - +4 ring of protection
HPRegen 0.34/turn    (no ring)
MPRegen 0.17/turn

%: no passive effects
@: about to teleport
A: sickness immunity, AC +9, negative energy resistance 1, electricity
resistance, torment resistance 1, petrification resistance
a: Renounce Religion, Heroism, Finesse, Duel


You were on level 5 of the Lair of Beasts.
You worshipped Okawaru.
Okawaru was extremely pleased with you.
You visited 3 branches of the dungeon, and saw 17 of its levels.

You collected 1066 gold pieces.


Innate Abilities, Weirdness & Mutations

You are immune to sickness and miasma.
Your stone body is resilient. (AC +9)
You are immune to poison.
You resist negative energy. (rN+)
You are resistant to electric shocks. (rElec)
You are resistant to unholy torment.
You are immune to petrification.


   Skills:
 - Level 11.0 Fighting
 + Level 17.5 Ranged Weapons
 - Level 4.0 Armour
 - Level 6.0 Dodging
 - Level 1.1 Stealth
 - Level 10.0 Invocations


You had 12 spell levels left.
You didn't know any spells.
Your spell library was empty.

Inventory:

Hand Weapons
 u - a +1 longbow (weapon)
Armour
 a - the +2 ratskin cloak (worn) {*Rats rPois rN+ Str-1 Int-1 Dex+1}
   (You found it on level 8 of the Dungeon)

   *Rats:     When the wearer is hurt, rats may emerge from it to assist them.
   Str-1:     It affects your strength (-1).
   Int-1:     It affects your intelligence (-1).
   Dex+1:     It affects your dexterity (+1).
   rPois:     It protects you from poison rN+: It protects you from negative
   energy.
 b - a +2 pair of boots (worn)
 d - +0 acid dragon scales
 e - a +1 leather armour of fire resistance
 s - a +1 robe of resistance (worn)
 x - a +2 robe of cold resistance
Jewellery
 g - a ring of ice
 i - a +4 ring of protection (left hand)
Wands
 f - a wand of roots (21)
 n - a wand of paralysis (24)
 o - a wand of mindburst (6)
 t - a wand of light (15)
Scrolls
 h - a scroll of identify
 m - 2 scrolls of teleportation
Potions
 c - 4 potions of cancellation
 j - 6 potions of curing
 k - a potion of might
 l - a potion of magic
 p - 2 potions of enlightenment
 r - 2 potions of resistance

Dungeon Overview and Level Annotations

Branches:
Dungeon (11/15)            Temple (1/1) D:6            Lair (5/5) D:11
  Swamp (0/4) Lair:3        Snake (0/4) Lair:2        Slime (0/5) Lair:4
    Orc: D:9-12

Altars:
Ashenzari
Cheibriados
Dithmenos
Elyvilon
Fedhas
Gozag
Hepliaklqana
Kikubaaqudgha
Makhleb
Nemelex Xobeh
Okawaru
Qazlal
Ru
Sif Muna
Trog
Uskayaw
Vehumet
Wu Jian
Xom
Yredelemnul
Zin
The Shining One

Portals:
Abyss: D:4

Annotations:
D:4 2 transporters, qw's ghost, amateur GrHu
D:11 3 runed translucent doors, bande's ghost, journeyman GrFi


Message History

The eight-headed hydra is heavily wounded.
The eight-headed hydra closely misses you.
The eight-headed hydra barely misses you. x2
The eight-headed hydra bites you but does no damage. x2
The eight-headed hydra completely misses you.
The eight-headed hydra barely misses you.
The eight-headed hydra bites you.
You shoot an arrow. The arrow hits the eight-headed hydra!!
The eight-headed hydra is severely wounded.
The eight-headed hydra misses you.
The eight-headed hydra bites you but does no damage. x3
The eight-headed hydra bites you. The eight-headed hydra misses you.
The eight-headed hydra bites you but does no damage.
The eight-headed hydra closely misses you.
You shoot an arrow. The arrow hits the eight-headed hydra!
The eight-headed hydra is severely wounded.
You shoot an arrow. The arrow hits the eight-headed hydra.
The eight-headed hydra is almost dead.
The eight-headed hydra barely misses you.
The eight-headed hydra bites you but does no damage.
The eight-headed hydra closely misses you.
The eight-headed hydra bites you but does no damage. x4
The eight-headed hydra bites you.
The blink frog blinks!
You shoot an arrow. The arrow hits the eight-headed hydra!
The eight-headed hydra is almost dead.
The eight-headed hydra bites you!
The eight-headed hydra bites you but does no damage.
The eight-headed hydra barely misses you.
The eight-headed hydra completely misses you.
The eight-headed hydra bites you!
The eight-headed hydra barely misses you.
The eight-headed hydra bites you but does no damage.
The eight-headed hydra barely misses you.
16063 ||| READING 3 scrolls of teleportation.
As you read the scroll of teleportation, it crumbles to dust.
You feel strangely unstable.
The eight-headed hydra bites you but does no damage.
The eight-headed hydra barely misses you.
The eight-headed hydra bites you!
You die... ..# .. ... .P # PF.

.. #. #.##. #..
.... #.##ยค. #..#D#
#.@## ##..# #.###
#.. #...# #..
##..## #. #..##
###...###P).
#....##
#........... #....#
##......#..#
#....####....##..#.


You could see an eight-headed hydra and a blink frog.

Vanquished Creatures
  3 hydras
  A boulder beetle (D:11)
  Urug (D:11)
  3 skysharks
  A bog body (Lair:3)
  A manticore (D:10)
  An ice statue (D:7)
  4 black mambas
  A gargoyle (D:10)
  14 cane toads
  2 kobold demonologists
  3 rime drakes
  6 komodo dragons
  2 trolls
  A polar bear (Lair:2)
  16 blink frogs
  Sigmund (D:3)
  31 yaks
  2 shadows
  A wraith (D:9)
  6 wyverns
  3 basilisks (Lair:1)
  A fire bat (D:6)
  2 vampire mosquitoes (D:11)
  2 steam dragons
  A naga (Lair:2)
  2 acid dragons
  16 water moccasins
  3 orc warriors
  4 sky beasts
  6 black bears
  11 wolves
  8 centaurs
  5 kobold brigands
  21 bullfrogs
  3 scorpions
  15 wights
  5 crimson imps (D:10)
  A lava snake (D:9)
  5 hounds
  3 jellies (D:6)
  A bombardier beetle (D:7)
  An orc priest (D:7)
  3 iguanas
  A gnoll bouda (D:4)
  9 orc wizards
  2 sleepcaps
  12 hell rats
  9 adders
  3 gnolls (D:4)
  2 shadow imps
  8 white imps
  2 ufetubi (D:7)
  A ribbon worm (D:4)
  2 dart slugs
  33 orcs
  4 ball pythons
  9 endoplasms
  4 giant cockroaches
  8 goblins
  9 hobgoblins
  4 jackals (D:5)
  23 kobolds
  6 quokkas
  6 bats
  13 frilled lizards
  5 rats
398 creatures vanquished.

Vanquished Creatures (others)
  A howler monkey (D:8)
1 creature vanquished.

Grand Total: 399 creatures vanquished

Notes
Turn   | Place    | Note
-------+----------+-------------------------------------------
     0 | D:1      | qw the Gargoyle Hunter began the quest for the Orb.
     0 | D:1      | Reached XP level 1. HP: 12/12 MP: 1/1
     0 | D:1      | 0 ||| qw: Version: 0.3-a-132-g3d54051
     0 | D:1      | 0 ||| qw: Game counter: 547
     0 | D:1      | 0 ||| qw: Melee chars always use a shield: true
     0 | D:1      | 0 ||| qw: God list: Okawaru
     0 | D:1      | 0 ||| qw: Allow faded altars: false
     0 | D:1      | 0 ||| qw: Do Orc after clearing Dungeon:15 true
     0 | D:1      | 0 ||| qw: Do second Lair branch before Depths: true
     0 | D:1      | 0 ||| qw: Lair rune preference: random
     0 | D:1      | 0 ||| qw: Goals: Normal
     0 | D:1      | 0 ||| PLANNING D:1-11
   124 | D:1      | Reached XP level 2. HP: 17/17 MP: 2/2
   213 | D:1      | Reached XP level 3. HP: 21/21 MP: 3/3
   315 | D:1      | Reached skill level 5 in Ranged Weapons
   574 | D:1      | 574 ||| UPGRADING to +0 ring mail.
   584 | D:1      | 584 ||| DROPPING +0 leather armour.
   585 | D:1      | 585 ||| READING scroll labelled GICKUI DONI.
   586 | D:1      | 586 ||| READING 2 scrolls labelled FAR ACUSCHYRHE.
   586 | D:1      | 586 ||| IDENTIFYING scroll labelled IPLEMU JIADWI
   587 | D:1      | 587 ||| READING scroll of identify.
   587 | D:1      | 587 ||| IDENTIFYING scroll labelled JAKUEN GILAUL
   588 | D:1      | 588 ||| READING scroll of enchant weapon.
   588 | D:1      | 588 ||| ENCHANTING +0 shortbow.
   589 | D:1      | 589 ||| READING scroll labelled OFYTHAC NAGOAJOUL.
   690 | D:1      | 690 ||| DROPPING scroll of butterflies.
   691 | D:1      | 691 ||| DROPPING scroll of vulnerability.
   899 | D:2      | Reached skill level 1 in Armour
   931 | D:2      | 931 ||| FLEEEEING.
  1000 | D:2      | Reached XP level 4. HP: 27/27 MP: 4/4
  1243 | D:2      | Reached skill level 3 in Fighting
  1348 | D:2      | Found a faded altar of an unknown god.
  1486 | D:2      | 1486 ||| FLEEEEING.
  1639 | D:2      | 1639 ||| UPGRADING to +4 ring of protection.
  1640 | D:2      | 1640 ||| READING 3 scrolls of identify.
  1640 | D:2      | 1640 ||| IDENTIFYING lumpy grey potion
  1641 | D:2      | 1641 ||| READING 2 scrolls of identify.
  1641 | D:2      | 1641 ||| IDENTIFYING glowing purple potion
  1642 | D:2      | 1642 ||| READING scroll of identify.
  1642 | D:2      | 1642 ||| IDENTIFYING 2 blue potions
  1643 | D:2      | 1643 ||| READING 2 scrolls labelled RITSEO YHIBI.
  1643 | D:2      | 1643 ||| ENCHANTING +1 shortbow.
  1644 | D:2      | 1644 ||| READING scroll labelled QUSTUGAODWO.
  1645 | D:2      | 1645 ||| READING scroll labelled IFEBLY ANEJUT.
  1646 | D:2      | 1646 ||| DROPPING potion of degeneration.
  1912 | D:3      | Noticed Sigmund
  1918 | D:3      | 1918 ||| FLEEEEING.
  1929 | D:3      | 1929 ||| FLEEEEING.
  1933 | D:3      | HP: 7/28 [something (3)]
  1938 | D:3      | HP: 3/28 [Sigmund/puff of flame (4)]
  1946 | D:3      | 1946 ||| FLEEEEING.
  1957 | D:3      | 1957 ||| FLEEEEING.
  1968 | D:3      | 1968 ||| FLEEEEING.
  1988 | D:3      | 1988 ||| FLEEEEING.
  1988 | D:3      | HP: 5/28 [something (8)]
  1998 | D:3      | HP: 2/28 [something/puff of flame (5)]
  1999 | D:3      | 1999 ||| FLEEEEING.
  2009 | D:3      | Killed Sigmund
  2010 | D:3      | Reached skill level 6 in Ranged Weapons
  2010 | D:3      | Reached XP level 5. HP: 6/32 MP: 5/5
  2010 | D:3      | Reached XP level 6. HP: 7/37 MP: 6/6
  2229 | D:3      | 2229 ||| FLEEEEING.
  2306 | D:3      | Found an ornate altar of the Wu Jian Council.
  2625 | D:3      | 2625 ||| READING scroll of identify.
  2625 | D:3      | 2625 ||| IDENTIFYING scroll labelled CIESUCSALIS
  2626 | D:3      | 2626 ||| DROPPING scroll of fog.
  2658 | D:4      | Noticed a black bear
  2666 | D:4      | Killed a black bear
  2667 | D:4      | Reached skill level 7 in Ranged Weapons
  2667 | D:4      | Reached XP level 7. HP: 26/43 MP: 7/7
  2667 | D:4      | 2667 ||| FLEEEEING.
  2675 | D:4      | 2675 ||| STAIRDANCE
  2728 | D:3      | 2728 ||| READING scroll labelled SIUMIY POUXT.
  2729 | D:3      | 2729 ||| FLEEEEING.
  2742 | D:4      | 2742 ||| STAIRDANCE
  2778 | D:4      | Found a bloodstained altar of Trog.
  2929 | D:4      | Found a one-way gate to the infinite horrors of the Abyss.
  2929 | D:4      | Noticed qw's ghost (amateur GrHu)
  2982 | D:4      | Found a transporter.
  2998 | D:4      | Found a transporter.
  3194 | D:4      | Reached skill level 8 in Ranged Weapons
  3194 | D:4      | 3194 ||| FLEEEEING.
  3196 | D:4      | 3196 ||| STAIRDANCE
  3254 | D:3      | 3254 ||| UPGRADING to +1 pair of boots.
  3259 | D:3      | 3259 ||| READING scroll of enchant armour.
  3259 | D:3      | 3259 ||| ENCHANTING +1 pair of boots.
  3533 | D:4      | 3533 ||| DROPPING amulet of magic regeneration.
  3534 | D:4      | 3534 ||| READING scroll labelled PILEHU PAEDE.
  3534 | D:4      | 3534 ||| BRANDING +1 shortbow.
  3574 | D:5      | Entered Level 5 of the Dungeon
  3586 | D:5      | 3586 ||| READING scroll of enchant weapon.
  3586 | D:5      | 3586 ||| ENCHANTING +1 heavy shortbow.
  3587 | D:5      | Found a shadowy altar of Dithmenos.
  3629 | D:5      | 3629 ||| FLEEEEING.
  3746 | D:5      | Reached XP level 8. HP: 49/49 MP: 8/8
  4053 | D:5      | Reached skill level 9 in Ranged Weapons
  4418 | D:5      | 4418 ||| READING 2 scrolls of identify.
  4418 | D:5      | 4418 ||| IDENTIFYING metallic silvery potion
  4419 | D:5      | 4419 ||| READING scroll of identify.
  4419 | D:5      | 4419 ||| IDENTIFYING grey potion
  4420 | D:5      | 4420 ||| DRINKING 3 murky white potions.
  4421 | D:5      | 4421 ||| DRINKING 2 lumpy silvery potions.
  4422 | D:5      | 4422 ||| DROPPING potion of magic.
  4423 | D:5      | 4423 ||| DROPPING potion of ambrosia.
  4424 | D:5      | 4424 ||| DROPPING potion of invisibility.
  4472 | D:6      | Reached skill level 6 in Fighting
  4521 | D:6      | Found a staircase to the Ecumenical Temple.
  4522 | D:6      | 4522 ||| PLANNING TEMPLE
  4531 | Temple   | Entered the Ecumenical Temple
  4532 | Temple   | 4532 ||| PLANNING OKAWARU WORSHIP
  4560 | Temple   | Became a worshipper of Warmaster Okawaru
  4561 | Temple   | 4561 ||| PLANNING D:1-11
  4899 | D:6      | Found a shimmering altar of Xom.
  4904 | D:6      | Reached skill level 10 in Ranged Weapons
  4904 | D:6      | Reached XP level 9. HP: 45/55 MP: 9/9
  4904 | D:6      | 4904 ||| FLEEEEING.
  4915 | D:6      | 4915 ||| FLEEEEING.
  4925 | D:6      | Reached * piety under Okawaru
  5222 | D:6      | 5222 ||| READING scroll of identify.
  5222 | D:6      | 5222 ||| IDENTIFYING puce potion
  5223 | D:6      | 5223 ||| READING scroll labelled SAPOROGREBOO.
  5259 | D:7      | 5259 ||| STAIRDANCE
  5261 | D:6      | 5261 ||| FLEEEEING.
  5266 | D:6      | 5266 ||| STAIRDANCE
  5310 | D:7      | 5310 ||| STAIRDANCE
  5315 | D:7      | 5315 ||| STAIRDANCE
  5322 | D:6      | Reached skill level 1 in Invocations
  5325 | D:6      | 5325 ||| FLEEEEING.
  5396 | D:7      | HP: 14/57 [water moccasin (7)]
  5397 | D:7      | 5397 ||| READING 2 scrolls of teleportation.
  5398 | D:7      | 5398 ||| DRINKING potion of heal wounds.
  5468 | D:7      | Reached skill level 3 in Invocations
  5468 | D:7      | 5468 ||| FLEEEEING.
  5471 | D:7      | 5471 ||| STAIRDANCE
  5519 | D:7      | Found a basalt altar of Yredelemnul.
  5586 | D:7      | 5586 ||| DRINKING 2 potions of curing.
  5586 | D:7      | 5586 ||| (to cure confusion)
  5608 | D:7      | Noticed an ice statue
  5609 | D:7      | 5609 ||| RETREEEEATING.
  5630 | D:7      | Reached ** piety under Okawaru
  5707 | D:7      | 5707 ||| SWAPPING to +0 orcbow.
  5708 | D:7      | 5708 ||| DROPPING +2 heavy shortbow.
  5709 | D:7      | 5709 ||| READING scroll of brand weapon.
  5709 | D:7      | 5709 ||| BRANDING +0 orcbow.
  5863 | D:7      | 5863 ||| RETREEEEATING.
  5872 | D:7      | 5872 ||| INVOKING Heroism.
  5882 | D:7      | 5882 ||| RETREEEEATING.
  5909 | D:7      | 5909 ||| FLEEEEING.
  5953 | D:7      | 5953 ||| INVOKING Heroism.
  5967 | D:7      | 5967 ||| RETREEEEATING.
  5987 | D:7      | Killed an ice statue
  5988 | D:7      | Reached skill level 11 in Ranged Weapons
  5995 | D:7      | 5995 ||| UPGRADING to +0 robe of fire resistance.
  6210 | D:7      | 6210 ||| STAIRDANCE
  6221 | D:7      | 6221 ||| STAIRDANCE
  6233 | D:7      | 6233 ||| STAIRDANCE
  6407 | D:8      | 6407 ||| FLEEEEING.
  6539 | D:8      | Found a glowing silver altar of Zin.
  6557 | D:8      | Found the +2 ratskin cloak {*Rats rPois rN+ Str-1 Int-1
                  | Dex+1}
  6566 | D:8      | Reached skill level 3 in Dodging
  6612 | D:8      | Reached XP level 10. HP: 63/63 MP: 13/13
  6767 | D:8      | Found a hide-covered altar of Uskayaw.
  6907 | D:8      | 6907 ||| FLEEEEING.
  7035 | D:8      | Found a white marble altar of Elyvilon.
  7430 | D:8      | 7430 ||| UPGRADING to +2 ratskin cloak {*Rats rPois rN+
                  | Str-1 Int-1 Dex+1}.
  7435 | D:8      | 7435 ||| UPGRADING to +0 acid dragon scales.
  7445 | D:8      | 7445 ||| DROPPING +0 ring mail.
  7506 | D:9      | 7506 ||| Stepping ~*~*~tactically~*~*~ (cloud).
  7520 | D:9      | Reached skill level 3 in Armour
  7640 | D:9      | 7640 ||| RETREEEEATING.
  7641 | D:9      | 7641 ||| RETREEEEATING.
  7642 | D:9      | 7642 ||| RETREEEEATING.
  7643 | D:9      | 7643 ||| RETREEEEATING.
  7657 | D:9      | 7657 ||| RETREEEEATING.
  7658 | D:9      | 7658 ||| RETREEEEATING.
  7668 | D:9      | 7668 ||| INVOKING Heroism.
  7674 | D:9      | Reached skill level 12 in Ranged Weapons
  7681 | D:9      | Reached *** piety under Okawaru
  7697 | D:9      | 7697 ||| FLEEEEING.
  7705 | D:9      | 7705 ||| FLEEEEING.
  7706 | D:9      | 7706 ||| FLEEEEING.
  7707 | D:9      | 7707 ||| FLEEEEING.
  7708 | D:9      | 7708 ||| FLEEEEING.
  7709 | D:9      | 7709 ||| FLEEEEING.
  7710 | D:9      | 7710 ||| STAIRDANCE
  7846 | D:9      | 7846 ||| STAIRDANCE
  7903 | D:9      | 7903 ||| FLEEEEING.
  7906 | D:9      | 7906 ||| FLEEEEING.
  7908 | D:9      | 7908 ||| FLEEEEING.
  7910 | D:9      | 7910 ||| FLEEEEING.
  7912 | D:9      | 7912 ||| FLEEEEING.
  7913 | D:9      | 7913 ||| FLEEEEING.
  7914 | D:9      | 7914 ||| FLEEEEING.
  7915 | D:9      | 7915 ||| FLEEEEING.
  7916 | D:9      | 7916 ||| FLEEEEING.
  7917 | D:9      | 7917 ||| FLEEEEING.
  7918 | D:9      | 7918 ||| FLEEEEING.
  7919 | D:9      | 7919 ||| FLEEEEING.
  7920 | D:9      | 7920 ||| FLEEEEING.
  7921 | D:9      | 7921 ||| FLEEEEING.
  7922 | D:9      | 7922 ||| FLEEEEING.
  7923 | D:9      | 7923 ||| FLEEEEING.
  7924 | D:9      | 7924 ||| FLEEEEING.
  7925 | D:9      | 7925 ||| FLEEEEING.
  7926 | D:9      | 7926 ||| FLEEEEING.
  7927 | D:9      | 7927 ||| STAIRDANCE
  7931 | D:8      | 7931 ||| STAIRDANCE
  7975 | D:9      | Noticed a kobold demonologist
  7976 | D:9      | 7976 ||| STAIRDANCE
  8004 | D:9      | 8004 ||| INVOKING Heroism.
  8010 | D:9      | Killed a kobold demonologist
  8135 | D:9      | Found a broken altar of Ashenzari.
  8148 | D:9      | Found a stormy altar of Qazlal.
  8224 | D:9      | Reached **** piety under Okawaru
  8389 | D:9      | 8389 ||| READING scroll of identify.
  8389 | D:9      | 8389 ||| IDENTIFYING fizzy brown potion
  8390 | D:9      | 8390 ||| DRINKING 2 viscous green potions.
  8424 | D:9      | 8424 ||| DRINKING 2 red potions.
  8425 | D:9      | 8425 ||| DROPPING potion of lignification.
  8446 | D:10     | Entered Level 10 of the Dungeon
  8446 | D:10     | Noticed a kobold demonologist
  8447 | D:10     | 8447 ||| RETREEEEATING.
  8448 | D:10     | 8448 ||| RETREEEEATING.
  8449 | D:10     | 8449 ||| INVOKING Finesse.
  8450 | D:10     | 8450 ||| INVOKING Finesse.
  8457 | D:10     | Noticed a rust devil
  8465 | D:10     | Killed a kobold demonologist
  8466 | D:10     | Reached skill level 13 in Ranged Weapons
  8482 | D:10     | 8482 ||| FLEEEEING.
  8484 | D:10     | 8484 ||| STAIRDANCE
  8491 | D:9      | 8491 ||| STAIRDANCE
  8521 | D:10     | Noticed a manticore
  8522 | D:10     | 8522 ||| INVOKING Finesse.
  8529 | D:10     | Killed a manticore
  8530 | D:10     | Reached XP level 11. HP: 59/69 MP: 8/14
  8562 | D:10     | 8562 ||| FLEEEEING.
  8687 | D:10     | Reached skill level 9 in Fighting
  8711 | D:10     | 8711 ||| RETREEEEATING.
  8712 | D:10     | 8712 ||| RETREEEEATING.
  8715 | D:10     | 8715 ||| RETREEEEATING.
  8717 | D:10     | 8717 ||| RETREEEEATING.
  8720 | D:10     | 8720 ||| RETREEEEATING.
  8725 | D:10     | 8725 ||| RETREEEEATING.
  8726 | D:10     | 8726 ||| RETREEEEATING.
  8727 | D:10     | 8727 ||| RETREEEEATING.
  8728 | D:10     | 8728 ||| RETREEEEATING.
  8943 | D:10     | Identified the +2 quarterstaff of a bazaar {spect, Str+3}
  9058 | D:10     | 9058 ||| FLEEEEING.
  9095 | D:10     | Found Conlilir's Magic Scroll Boutique.
  9130 | D:10     | Reached ***** piety under Okawaru
  9205 | D:10     | 9205 ||| FLEEEEING.
  9502 | D:10     | 9502 ||| DROPPING +0 robe of fire resistance.
  9503 | D:10     | 9503 ||| UPGRADING to +1 robe of resistance.
  9513 | D:10     | 9513 ||| READING scroll labelled XOTSYWUIKAF.
  9559 | D:11     | 9559 ||| RETREEEEATING.
  9560 | D:11     | 9560 ||| RETREEEEATING.
  9563 | D:11     | 9563 ||| RETREEEEATING.
  9566 | D:11     | 9566 ||| RETREEEEATING.
  9569 | D:11     | Reached skill level 6 in Invocations
  9667 | D:11     | 9667 ||| FLEEEEING.
  9674 | D:11     | 9674 ||| STAIRDANCE
  9898 | D:11     | 9898 ||| RETREEEEATING.
  9899 | D:11     | 9899 ||| RETREEEEATING.
  9899 | D:11     | Found a staircase to the Lair.
  9901 | D:11     | 9901 ||| RETREEEEATING.
  9902 | D:11     | 9902 ||| RETREEEEATING.
  9903 | D:11     | 9903 ||| RETREEEEATING.
  9904 | D:11     | 9904 ||| RETREEEEATING.
  9915 | D:11     | 9915 ||| FLEEEEING.
  9976 | D:11     | 9976 ||| FLEEEEING.
  9995 | D:11     | 9995 ||| RETREEEEATING.
  9998 | D:11     | 9998 ||| RETREEEEATING.
 10047 | D:11     | 10047 ||| INVOKING Finesse.
 10048 | D:11     | 10048 ||| INVOKING Heroism.
 10110 | D:11     | Noticed Urug
 10111 | D:11     | 10111 ||| INVOKING Finesse.
 10122 | D:11     | Killed Urug
 10123 | D:11     | Reached skill level 14 in Ranged Weapons
 10306 | D:11     | Noticed a boulder beetle
 10307 | D:11     | 10307 ||| INVOKING Finesse.
 10339 | D:11     | Killed a boulder beetle
 10701 | D:11     | Found a runed translucent gate.
 10701 | D:11     | Found a runed translucent gate.
 10702 | D:11     | Found a runed translucent gate.
 10704 | D:11     | Noticed bande's ghost (journeyman GrFi)
 10704 | D:11     | Noticed a ten-headed hydra
 10705 | D:11     | Noticed an 11-headed hydra
 11004 | D:11     | 11004 ||| PLANNING LAIR
 11054 | Lair:1   | Entered Level 1 of the Lair of Beasts
 11072 | Lair:1   | 11072 ||| FLEEEEING.
 11075 | Lair:1   | 11075 ||| STAIRDANCE
 11209 | Lair:1   | 11209 ||| RETREEEEATING.
 11215 | Lair:1   | 11215 ||| RETREEEEATING.
 11217 | Lair:1   | 11217 ||| RETREEEEATING.
 11220 | Lair:1   | 11220 ||| RETREEEEATING.
 11221 | Lair:1   | 11221 ||| RETREEEEATING.
 11226 | Lair:1   | 11226 ||| FLEEEEING.
 11228 | Lair:1   | 11228 ||| STAIRDANCE
 11392 | Lair:1   | 11392 ||| STAIRDANCE
 11399 | D:11     | 11399 ||| FLEEEEING.
 11609 | Lair:1   | Reached XP level 12. HP: 76/76 MP: 18/18
 11627 | Lair:1   | 11627 ||| RETREEEEATING.
 11634 | Lair:1   | Received a gift from Okawaru
 11655 | Lair:1   | 11655 ||| FLEEEEING.
 11745 | Lair:1   | Reached skill level 9 in Invocations
 11834 | Lair:1   | 11834 ||| FLEEEEING.
 11980 | Lair:1   | 11980 ||| FLEEEEING.
 12004 | Lair:1   | 12004 ||| RETREEEEATING.
 12005 | Lair:1   | 12005 ||| RETREEEEATING.
 12006 | Lair:1   | 12006 ||| FLEEEEING.
 12007 | Lair:1   | 12007 ||| RETREEEEATING.
 12008 | Lair:1   | 12008 ||| RETREEEEATING.
 12020 | Lair:1   | 12020 ||| INVOKING Finesse.
 12339 | Lair:1   | 12339 ||| RETREEEEATING.
 12340 | Lair:1   | 12340 ||| RETREEEEATING.
 12343 | Lair:1   | 12343 ||| RETREEEEATING.
 12346 | Lair:1   | 12346 ||| RETREEEEATING.
 12347 | Lair:1   | 12347 ||| RETREEEEATING.
 12348 | Lair:1   | 12348 ||| RETREEEEATING.
 12377 | Lair:1   | 12377 ||| FLEEEEING.
 12499 | Lair:1   | Received a gift from Okawaru
 12581 | Lair:1   | 12581 ||| INVOKING Finesse.
 12778 | Lair:1   | 12778 ||| READING 2 scrolls of identify.
 12778 | Lair:1   | 12778 ||| IDENTIFYING glowing clear potion
 12779 | Lair:1   | 12779 ||| READING scroll of identify.
 12779 | Lair:1   | 12779 ||| IDENTIFYING amethyst potion
 12780 | Lair:1   | 12780 ||| READING scroll labelled ZAGUER KEASTRAU.
 12781 | Lair:1   | 12781 ||| DROPPING potion of brilliance.
 12782 | Lair:1   | 12782 ||| DROPPING potion of berserk rage.
 12839 | Lair:2   | Reached skill level 15 in Ranged Weapons
 12906 | Lair:2   | Found a staircase to the Snake Pit.
 13113 | Lair:2   | Noticed a skyshark
 13117 | Lair:2   | 13117 ||| INVOKING Finesse.
 13129 | Lair:2   | Killed a skyshark
 13129 | Lair:2   | Received a gift from Okawaru
 13254 | Lair:2   | Reached skill level 16 in Ranged Weapons
 13254 | Lair:2   | 13254 ||| FLEEEEING.
 13621 | Lair:2   | Reached XP level 13. HP: 82/82 MP: 20/20
 13790 | Lair:2   | 13790 ||| READING scroll of identify.
 13790 | Lair:2   | 13790 ||| IDENTIFYING scroll labelled NAM VANUNT
 13790 | Lair:2   | Identified a scroll of acquirement
 13791 | Lair:2   | 13791 ||| READING scroll of acquirement.
 13791 | Lair:2   | 13791 ||| ACQUIRING +3 arbalest of draining
 13791 | Lair:2   | Acquired a +3 arbalest of draining
 13793 | Lair:2   | 13793 ||| SWAPPING to +3 arbalest of draining.
 13794 | Lair:2   | 13794 ||| DROPPING +0 orcbow of freezing.
 13832 | Lair:3   | 13832 ||| RETREEEEATING.
 13840 | Lair:3   | 13840 ||| RETREEEEATING.
 14031 | Lair:3   | 14031 ||| RETREEEEATING.
 14054 | Lair:3   | Reached skill level 6 in Dodging
 14285 | Lair:3   | 14285 ||| FLEEEEING.
 14433 | Lair:3   | 14433 ||| RETREEEEATING.
 14435 | Lair:3   | 14435 ||| RETREEEEATING.
 14436 | Lair:3   | 14436 ||| RETREEEEATING.
 14437 | Lair:3   | 14437 ||| RETREEEEATING.
 14438 | Lair:3   | 14438 ||| RETREEEEATING.
 14439 | Lair:3   | 14439 ||| RETREEEEATING.
 14440 | Lair:3   | 14440 ||| RETREEEEATING.
 14441 | Lair:3   | 14441 ||| RETREEEEATING.
 14442 | Lair:3   | 14442 ||| RETREEEEATING.
 14443 | Lair:3   | 14443 ||| RETREEEEATING.
 14444 | Lair:3   | 14444 ||| RETREEEEATING.
 14524 | Lair:3   | 14524 ||| INVOKING Finesse.
 14644 | Lair:3   | Found a staircase to the Swamp.
 14909 | Lair:4   | Found a staircase to the Slime Pits.
 14924 | Lair:4   | 14924 ||| FLEEEEING.
 15290 | Lair:4   | Reached skill level 17 in Ranged Weapons
 15771 | Lair:4   | 15771 ||| DROPPING +2 heavy orcbow.
 15820 | Lair:4   | 15820 ||| READING 2 scrolls of identify.
 15820 | Lair:4   | 15820 ||| IDENTIFYING 2 scrolls labelled DYFROFA FYRPH
 15821 | Lair:4   | 15821 ||| DROPPING 2 scrolls of amnesia.
 15874 | Lair:5   | Entered Level 5 of the Lair of Beasts
 15878 | Lair:5   | 15878 ||| STAIRDANCE
 15888 | Lair:5   | 15888 ||| STAIRDANCE
 15979 | Lair:5   | 15979 ||| SWAPPING to +0 longbow.
 15987 | Lair:5   | Received a gift from Okawaru
 15988 | Lair:5   | 15988 ||| DROPPING +3 arbalest of draining.
 16027 | Lair:5   | 16027 ||| READING scroll of enchant weapon.
 16027 | Lair:5   | 16027 ||| ENCHANTING +0 longbow.
 16062 | Lair:5   | HP: 10/84 [eight-headed hydra (12)]
 16063 | Lair:5   | 16063 ||| READING 3 scrolls of teleportation.
 16063 | Lair:5   | Slain by an eight-headed hydra

Levels and vault maps discovered:
D:1:      dpeg_arrival_morbid_curiosity, layout_rooms, minmay_lizard_king
D:2:      layout_loops_corners, dreamdust_ecumenical_altar_hidden_monk_grotto,
          minmay_between
D:3:      layout_loops_ring, lemuel_tele_altar, minivault_24, uniq_sigmund
D:4:      layout_basic, trog_three_pillars_becter,
          gammafunk_ghost_abyssal_escape, st_stairs_7
D:5:      layout_cave_pods, nicolae_dithmenos_shadow_blocks
D:6:      layout_loops_ring, regret_index_xom_of_box,
          minmay_temple_entry_sparse_star
D:7:      lemuel_ice_statue, layout_rooms,
          mainiacjoe_overflow_concentric_impassable, kennysheep_donut
D:8:      cheibrodos_quashed, layout_layer_cave, general_overflow_altar,
          mainiacjoe_overflow_swirl
D:9:      layout_cave_pools, nicolae_qazlal_eye_of_the_storm,
          kennysheep_mini_moat, grunt_decor_junction
D:10:     layout_roguey, serial_shops, nicolae_stop_n_shop_2,
          minmay_fire_ice_demons
D:11:     layout_basic, due_lair_maze_entry_diamond, gammafunk_ghost_hydra_chop,
          uniq_urug
Temple:   nicolae_temple_godzebo
Lair:1:   layout_roguey, lemuel_another_geyser
Lair:2:   layout_cave_pods, guppyfry_snake_entry_island
Lair:3:   layout_regular_city, skrybe_swamp_entry_bodies, serial_bayou_shore_a,
          infiniplex_staircase_pool
Lair:4:   layout_small_grid, slime_entry_1, serial_bayou_crossing
Lair:5:   hangedman_lair_in_review, layout_loops_ring, guppyfry_lair_end_dragon,
          uniq_josephine

Skill      XL: |  1  2  3  4  5  6  7  8  9 10 11 12 13 |
---------------+----------------------------------------+-----
Ranged Weapons | 5 6 7 8 10 11 13 14 16 17 | 17.5
Armour         | 1 2 4 |  4.0
Fighting       | 3 4 5 6 7 8 9 10 11 | 11.0
Dodging        | 2 3 4 5 6 |  6.0
Invocations    | 4 8 10 | 10.0
Stealth        | |  1.1

Action                     |  1- 3 |  4- 6 |  7- 9 | 10-12 | 13-15 || total
---------------------------+-------+-------+-------+-------+-------++-------
   Fire: Shortbow          |    98 |   133 |   273 |       |       ||   504
         Orcbow            |       |       |   137 |   892 |    11 ||  1040
         Arbalest          |       |       |       |       |   196 ||   196
         Longbow           |       |       |       |       |    52 ||    52
 Invoke: Heroism           |       |       |     2 |     3 |       ||     5
         Finesse           |       |       |       |     8 |     1 ||     9
    Use: Scroll            |     5 |     7 |    10 |     5 |     5 ||    32
         Potion            |       |       |     4 |     2 |       ||     6
 Armour: Leather armour    |    13 |       |       |       |       ||    13
         Ring mail         |     6 |    77 |   191 |       |       ||   274
         Robe              |       |       |    25 |   196 |   133 ||   354
         Acid dragon scale |       |       |       |   114 |       ||   114
  Dodge: Dodged            |    10 |    36 |   154 |   249 |   133 ||   582

Table legend:
 A = Non-vault XP
 B = Vault XP
 C = Vault XP percentage of total XP
 D = Non-vault monster count
 E = Vault monster count
 F = Vault count percentage of total count
                 A         B        C        D         E       F
            +---------+---------+-------+---------+---------+-------
      Total |   43425 |    4415 |   9.2 |     354 |      45 |  11.3
            +---------+---------+-------+---------+---------+-------
        D:1 |      40 |      17 |  29.8 |      22 |      13 |  37.1
        D:2 |      43 |       5 |  10.4 |      13 |       3 |  18.8
        D:3 |     175 |     239 |  57.7 |      22 |       1 |   4.3
        D:4 |     349 |       2 |   0.6 |      17 |       1 |   5.6
        D:5 |     826 |       0 |   0.0 |      19 |       0 |   0.0
        D:6 |     796 |     319 |  28.6 |      23 |       2 |   8.0
        D:7 |    1001 |     457 |  31.3 |      28 |       1 |   3.4
        D:8 |    1196 |       0 |   0.0 |      23 |       0 |   0.0
        D:9 |    3117 |       0 |   0.0 |      26 |       0 |   0.0
       D:10 |    3468 |     284 |   7.6 |      27 |       9 |  25.0
       D:11 |    2703 |    1894 |  41.2 |      12 |      11 |  47.8
     Lair:1 |    9261 |       0 |   0.0 |      41 |       0 |   0.0
     Lair:2 |    5986 |     477 |   7.4 |      22 |       3 |  12.0
     Lair:3 |    6499 |     721 |  10.0 |      27 |       1 |   3.6
     Lair:4 |    6004 |       0 |   0.0 |      22 |       0 |   0.0
     Lair:5 |    1961 |       0 |   0.0 |      10 |       0 |   0.0
            +---------+---------+-------+---------+---------+-------
